AoeStats
← vasia003

Black Forest

510968381Analyzed
4v4 RM · 13h ago on Oct 3, 2026· 28m 51s· 8 players
Game mode
Random Map
Map size
Large (8 player)
Population
200
Speed
Normal
Resources
Standard
Victory
Conquest
Starting age
Dark Age
Ending age
Imperial Age
RankedLock teamsTeams togetherTeam positionsShared explorationLock speedFull tech treeHidden civsTurbo modeCheats
Victory
Defeat
🇬🇧 Britons · United Kingdom
694
+9
🇮🇹 Persians · Italy
618
+11
🇪🇸 Turks · Spain
582
+13
🇨🇳 Teutons · China
376
+21
🇮🇳 Persians · India
571
-16
🇨🇳 Huns · China
493
-13
🇨🇳 Chinese · China
493
-13
🇨🇳 Wei · China
476
-12
ling147
17:56 Feudal Age
18:26 Horse Collar
19:31 Wheelbarrow
18:41 Town Watch
18:49 Gold Mining
18:50 Stone Mining
18:48 Double-Bit Axe
26:56 Castle Age
Elite Savage
hangover
0:33 Loom
12:26 Feudal Age
13:18 Horse Collar
13:27 Double-Bit Axe
17:12 Gold Mining
23:24 Castle Age
21:52 Arson
22:20 Man-at-Arms
26:51 Long Swordsman
林北才是接班人
11:56 Feudal Age
18:36 Castle Age
26:28 Wheelbarrow
Nano
1:57 Loom
11:20 Feudal Age
12:38 Wheelbarrow
12:39 Double-Bit Axe
21:09 Horse Collar
24:24 Castle Age
23:18 Fletching
23:42 Gold Mining
23:42 Stone Mining
23:49 Stone Mining
25:06 Crossbowman
28:40 Hand Cart
29:27 Heavy Plow
EightAsp2685512
4:13 Loom
17:09 Feudal Age
17:41 Double-Bit Axe
17:38 Horse Collar
17:53 Gold Mining
18:04 Stone Mining
20:32 Wheelbarrow
21:10 Man-at-Arms
21:35 Arson
28:12 Castle Age
26:11 Town Watch
27:11 Scale Barding Armor
27:07 Scale Mail Armor
27:17 Forging
26:57 Fletching
vasia003
0:33 Loom
13:59 Feudal Age
21:08 Castle Age
19:20 Double-Bit Axe
20:49 Horse Collar
掰开腿饮水
0:33 Loom
15:37 Feudal Age
17:08 Wheelbarrow
16:19 Town Watch
17:10 Man-at-Arms
18:45 Double-Bit Axe
20:00 Gold Mining
24:10 Forging
23:51 Fletching
24:02 Padded Archer Armor
25:05 Bloodlines
26:54 Horse Collar
29:46 Castle Age
Connection lost

Rejoining the realm…

Still unreachable

The connection could not be restored.

Session expired

The server has moved on; the page needs a fresh start.